 Dungeon Sprint DCSS version 0.29-a0-925-g0a7a3d12f8 (webtiles) character file.

Game seed: 1025736587001729700

50 rocky1 the Poker (level 3, -3/30 HPs)
             Began as a Merfolk Gladiator on July 28, 2022.
             Was an Initiate of Okawaru.
             Slain by an ice beast (10 damage)
             ... in the Dungeon (Sprint VII: "The Pits").
             The game lasted 00:00:49 (312 turns).

rocky1 the Poker (Merfolk Gladiator)                 Turns: 312, Time: 00:00:50

Health: -3/30      AC:  4    Str: 16    XL:     3   Next: 79%
Magic:  3/3        EV: 14    Int:  7    God:    Okawaru [......]
Gold:   0          SH:  0    Dex: 15    Spells: 2/2 levels left

rFire   . . .      SeeInvis .   l - +2 trident
rCold   . . .      Faith    .   (no shield)
rNeg    . . .      Spirit   .   b - +0 leather armour
rPois   .          Reflect  .   c - +0 helmet
rElec   .          Harm     .   (no cloak)
rCorr   .          Rampage  .   (no gloves)
Will    .....      NoTele   +   (no boots)
Stlth   +.........              (no amulet)
HPRegen 0.10/turn               (no ring)
MPRegen 0.08/turn               (no ring)

@: no status effects
A: (nimble swimmer 2), mertail
a: Renounce Religion


You were in the Dungeon.
You worshipped Okawaru.
Okawaru was noncommittal.
You visited 1 branch

Inventory:

Hand Weapons
 l - a +2 trident (weapon)
Missiles
 d - 3 throwing nets (quivered)
 e - a javelin
Armour
 b - a +0 leather armour (worn)
 c - a +0 helmet (worn)
Scrolls
 k - a scroll of blinking
 m - 5 scrolls of amnesia
 n - a scroll of summoning
Potions
 a - 2 potions of invisibility
 f - a potion of curing
 g - a potion of heal wounds
 h - a potion of haste
 i - 4 potions of magic
 j - 3 potions of berserk rage


   Skills:
 + Level 4.0 Fighting
 * Level 7.1 Polearms
 - Level 2.0 Throwing
 + Level 2.1 Armour
 + Level 5.7 Dodging


You had 2 spell levels left.
You didn't know any spells.
Your spell library was empty.

Dungeon Overview and Level Annotations

Branches:
Dungeon (1/1)

Altars:
Ashenzari
Cheibriados
Dithmenos
Elyvilon
Fedhas
Gozag
Hepliaklqana
Kikubaaqudgha
Makhleb
Nemelex Xobeh
Okawaru
Qazlal
Ru
Sif Muna
Trog
Uskayaw
Vehumet
Wu Jian
Xom
Yredelemnul
Zin
The Shining One
Jiyva
Lugonu


Innate Abilities, Weirdness & Mutations

((You are very nimble when in or above water. (Stealth+, EV+, Speed+++)))
Your lower body shifts to a powerful aquatic tail in water.


Message History

You miss the adder.
You feel sick. The adder bites you.
You closely miss the adder.
You feel sick. The adder bites you.
You completely miss the adder.
You feel sick. The adder barely misses you. The adder closely misses you.
You hit the adder but do no damage.
You feel sick. The adder bites you but does no damage.
You hit the adder.
The adder is heavily wounded.
You feel sick. The adder closely misses you.
You hit the adder.
The adder is severely wounded.
You feel sick.
You are no longer poisoned.
The adder bites you.
You hit the adder but do no damage.
The adder is severely wounded.
The adder misses you. The adder closely misses you.
You hit the adder.
You kill the adder!
Okawaru accepts your kill.
You puncture the adder!
The adder is heavily wounded.
The adder bites you but does no damage.
You puncture the adder!
You kill the adder!
Okawaru accepts your kill.
Your Fighting skill increases to level 4!
Your Polearms skill increases to level 7!
Your Armour skill increases to level 2!
You puncture the ice beast!
The ice beast is moderately wounded.
The ice beast misses you.
You hit the ice beast but do no damage.
The ice beast is moderately wounded.
You puncture the ice beast!
The ice beast is severely wounded.
The ice beast hits you.
* * * LOW HITPOINT WARNING * * *
The ice beast freezes you!
You die...

#_________.#
#_________.#
#_______...###########++
##########'##...........
#.?(.')))'.##......#..#.
##########.##...........
#..........†'...........
#+#####'#####......#..#.
#...#@# #...........
#...#Y# ####'#####++
#...'.# #.......#
##Y#### #.......#
#.....# #.......#
#.....# #...<...#
#....... #.......#
#....Y...##.......#
###########.......#


You could see an ice beast.

Vanquished Creatures
  4 adders (D)
  An ufetubus (D)
  An endoplasm (D)
  3 jackals (D)
  A rat (D)
10 creatures vanquished.

Notes
Turn   | Place    | Note
-------+----------+-------------------------------------------
     0 | D        | rocky1 the Merfolk Gladiator began the quest for the Orb.
     0 | D        | Reached XP level 1. HP: 16/16 MP: 1/1
    55 | D        | Found a bloodstained altar of Trog.
    55 | D        | Found a shimmering blue altar of Sif Muna.
    55 | D        | Found a viscous altar of Jiyva.
    55 | D        | Found a hazy altar of Hepliaklqana.
    55 | D        | Found an opulent altar of Gozag.
    56 | D        | Found a glowing golden altar of the Shining One.
    56 | D        | Found a glowing silver altar of Zin.
    56 | D        | Found a basalt altar of Yredelemnul.
    56 | D        | Found a shimmering altar of Xom.
    56 | D        | Found an ornate altar of the Wu Jian Council.
    56 | D        | Found a sacrificial altar of Ru.
    56 | D        | Found a stormy altar of Qazlal.
    56 | D        | Found an iron altar of Okawaru.
    56 | D        | Found a sparkling altar of Nemelex Xobeh.
    56 | D        | Found a burning altar of Makhleb.
    56 | D        | Found a blossoming altar of Fedhas.
    56 | D        | Found a white marble altar of Elyvilon.
    56 | D        | Found a shadowy altar of Dithmenos.
    56 | D        | Found a snail-covered altar of Cheibriados.
    59 | D        | Found a corrupted altar of Lugonu.
    59 | D        | Found a radiant altar of Vehumet.
    60 | D        | Found an ancient bone altar of Kikubaaqudgha.
    60 | D        | Found a hide-covered altar of Uskayaw.
    60 | D        | Found a broken altar of Ashenzari.
    64 | D        | Became a worshipper of Warmaster Okawaru
    85 | D        | Reached skill level 5 in Polearms
    85 | D        | Reached skill level 1 in Armour
    85 | D        | Reached XP level 2. HP: 13/24 MP: 2/2
   241 | D        | Reached skill level 6 in Polearms
   241 | D        | Reached skill level 5 in Dodging
   289 | D        | Reached XP level 3. HP: 29/29 MP: 3/3
   291 | D        | Noticed an ice beast
   310 | D        | Reached skill level 7 in Polearms
   312 | D        | Slain by an ice beast

Illustrated notes

Levels and vault maps discovered:
D:        pitsprint [storerooms_1, entrance_room_1, metal_vault_6, armoury_2,
          mini_pit_1, grid_room_1, main_hall_1, silver_pit, the_coven_1,
          the_vestibule_1, steel_vault_4, golden_pit, hallway_of_sentries,
          crystal_vault_1, iron_vault_1, final_vault]

Skill      XL: |  1  2  3 |
---------------+----------+-----
Fighting       | 3 4 |  4.0
Polearms       | 5 6 7 |  7.1
Armour         | 1 2 |  2.1
Dodging        | 5 |  5.7
Throwing       | |  2.0

Action                   || total
-------------------------++-------
Melee: Trident           ||    41
 Stab: Sleeping          ||     2
Armor: Leather armour    ||    13
Dodge: Dodged            ||    24

Table legend: (Time is in decaauts)
 A = Elapsed time spent in this place.
 B = Non-inter-level travel time spent in this place.
 C = Inter-level travel time spent in this place.
 D = Time resting spent in this place.
 E = Time spent auto-exploring this place.
 F = Levels seen in this place.
 G = Mean time per level.
                   A        B        C        D        E       F      G
               +--------+--------+--------+--------+--------+-----+--------+
         Total |    311 |    311 |      0 |    184 |      0 |   1 |  311.0 |
       Dungeon |    311 |    311 |      0 |    184 |      0 |   1 |  311.0 |
               +--------+--------+--------+--------+--------+-----+--------+

Top non-repeatable levels by time:
       D: 311 daAuts
